 Dungeon Crawl Stone Soup version 0.25.1-9-gc5326a611f (webtiles) character file.

Game seed: 10221300235525649283

256 raceaflais the Cutter (level 5, -5/39 HPs)
             Began as a Demonspawn Gladiator on Dec 31, 2020.
             Was an Initiate of Okawaru.
             Killed by divine providence
             ... invoked by an orc priest
              (13 damage)
             ... on level 4 of the Dungeon.
             The game lasted 00:12:02 (2997 turns).

raceaflais the Cutter (Demonspawn Gladiator)        Turns: 2997, Time: 00:12:03

Health: -5/39      AC: 10    Str: 16    XL:     5   Next: 92%
Magic:  1/1        EV: 19    Int:  9    God:    Okawaru [......]
Gold:   119        SH:  0    Dex: 14    Spells: 4/4 levels left

rFire    . . .     SeeInvis +   k - +1 dagger (antimagic)
rCold    + . .     Gourm    .   (no shield)
rNeg     . . .     Faith    .   g - +0 scale mail
rPois    .         Spirit   .   o - +0 helmet
rElec    .         Reflect  .   y - +2 cloak
rCorr    +         Harm     .   (no gloves)
MR       .....                  (no boots)
Stlth    ..........             (no amulet)
HPRegen  0.13/turn              l - ring of resist corrosion
MPRegen  0.07/turn              r - ring of see invisible

@: agile
A: talons 1, repulsion field 2, see invisible, cold resistance 1, demonic
guardian 1, low mp 1, powered by pain 1
a: Renounce Religion


You were on level 4 of the Dungeon.
You worshipped Okawaru.
Okawaru was noncommittal.
You were not hungry.

You visited 1 branch of the dungeon, and saw 4 of its levels.

You collected 119 gold pieces.

Inventory:

Hand Weapons
 a - a +0 rapier
 e - a +0 spear
 i - a +0 hand axe
 k - a +1 antimagic dagger (weapon)
 s - a +0 hunting sling
Missiles
 d - 3 throwing nets (quivered)
 h - 48 arrows
 p - 6 javelins
 t - 88 stones
 w - 14 poisoned darts
Armour
 g - a +0 scale mail (worn)
 o - a +0 helmet (worn)
 y - a +2 cloak (worn)
Jewellery
 l - a ring of resist corrosion (left hand)
 r - a ring of see invisible (right hand)
Scrolls
 m - a scroll of fear
 n - 2 scrolls of teleportation
 q - 4 scrolls of remove curse
 x - 2 scrolls of magic mapping
Potions
 j - 2 potions of curing
Comestibles
 f - 8 rations
 u - 7 chunks of flesh


   Skills:
 + Level 2.6 Fighting
 + Level 4.4 Short Blades
 + Level 1.8 Throwing
 + Level 2.0 Armour
 + Level 3.8 Dodging
 + Level 0.4 Stealth


You had 4 spell levels left.
You didn't know any spells.
Your spell library was empty.

Dungeon Overview and Level Annotations

Branches:
Dungeon (4/15)
 Temple: D:4-7

Altars:
Dithmenos
Elyvilon
Okawaru


Innate Abilities, Weirdness & Mutations

You have sharp toenails.
You are surrounded by a moderate repulsion field. (EV +3)
A weak demonic guardian rushes to your aid.
You sometimes gain a little power by taking damage.
You have supernaturally acute eyesight. (SInv)
Your flesh is cold resistant. (rC+)
Your magical capacity is low. (-10% MP)


Message History

The orc priest misses you.
You hit the orc priest. You claw the orc priest.
The orc priest is almost dead.
An orc priest comes into view.
An orc comes into view. It is wielding a +0 club.
The orc priest calls down the wrath of Beogh upon you.
Beogh smites you!
You barely miss the orc priest. Your kick misses the orc priest.
The orc priest is almost dead.
The orc priest hits you but does no damage.
You hit the orc priest.
The orc priest is almost dead.
The orc priest calls down the wrath of Beogh upon you.
Pain shoots through your body!
* * * LOW HITPOINT WARNING * * *
You focus on the pain.
You feel agile all of a sudden.
The orc priest mumbles some strange prayers to Beogh against you.
Beogh smites you!
You die...

_..'........
)###....###. .#
#....# #. ÷###....#
.. ## # ......### .#
# ?# #.#
#......###.###. #?#..
....)#........## o..#
#......###..#.#(#o#.#
........##....##@#.#
...........###.5#o#
...........#...#.#.#
##...####..###..#.#.#
#...# #..[..##†#.#.#
#...# #...#.# #.#.#%#
##.## ##....# ...###
#.# #.###.. .#. #.#
#.# .#.#!# #


You could see 2 orc priests, an orc and a friendly ufetubus (summoned).

Vanquished Creatures
  A hound (D:4)
  An orc priest (D:4)
  2 worker ants (D:4)
  7 adders
  An ooze (D:2)
  2 worms
  3 dart slugs
  4 leopard geckos
  5 orcs
  2 bats (D:1)
  8 goblins
  9 hobgoblins
  5 jackals (D:1)
  A quokka (D:3)
  2 ball pythons
  2 frilled lizards
  A jackal skeleton (D:4)
  4 kobolds
  7 rats
67 creatures vanquished.

Vanquished Creatures (collateral kills)
  An orc priest (D:4)
1 creature vanquished.

Grand Total: 68 creatures vanquished

Notes
Turn   | Place    | Note
-------+----------+-------------------------------------------
     0 | D:1      | raceaflais the Demonspawn Gladiator began the quest for the
                  | Orb.
     0 | D:1      | Reached XP level 1. HP: 16/16 MP: 1/1
    74 | D:1      | Reached skill level 3 in Short Blades
    90 | D:1      | Gained mutation: You are surrounded by a mild repulsion
                  | field. (EV +2) [potion of mutation]
    90 | D:1      | Gained mutation: You are surrounded by a moderate repulsion
                  | field. (EV +3) [potion of mutation]
    90 | D:1      | Gained mutation: Your body sometimes deteriorates upon
                  | taking damage. [potion of mutation]
    90 | D:1      | Gained mutation: Your muscles are strong. (Str +2) [potion
                  | of mutation]
   183 | D:1      | Gained mutation: A weak demonic guardian rushes to your
                  | aid. [demonic ancestry]
   183 | D:1      | Reached XP level 2. HP: 22/22 MP: 2/2
   915 | D:2      | Lost mutation: Your body sometimes deteriorates upon taking
                  | damage. [potion of mutation]
   915 | D:2      | Lost mutation: Your muscles are strong. (Str +2) [potion of
                  | mutation]
   915 | D:2      | Gained mutation: Your magical capacity is low. (-10% MP)
                  | [potion of mutation]
   915 | D:2      | Gained mutation: You have supernaturally acute eyesight.
                  | (SInv) [potion of mutation]
   915 | D:2      | Gained mutation: Your flesh is cold resistant. (rC+)
                  | [potion of mutation]
   919 | D:2      | Gained mutation: You sometimes gain a little power by
                  | taking damage. [demonic ancestry]
   919 | D:2      | Reached XP level 3. HP: 18/27 MP: 2/2
  1210 | D:2      | Mutation became permanent: You are surrounded by a mild
                  | repulsion field. (EV +2) [demonic ancestry]
  1210 | D:2      | Gained mutation: You are surrounded by a moderate repulsion
                  | field. (EV +3) [demonic ancestry]
  1210 | D:2      | Reached XP level 4. HP: 33/33 MP: 3/3
  1222 | D:2      | Found a shadowy altar of Dithmenos.
  1233 | D:2      | Became a worshipper of Dithmenos the Shadowed
  1383 | D:2      | Reached skill level 1 in Armour
  1466 | D:2      | Found a white marble altar of Elyvilon.
  2714 | D:4      | Reached skill level 4 in Short Blades
  2779 | D:4      | Found an iron altar of Okawaru.
  2784 | D:4      | Fell from the grace of Dithmenos
  2784 | D:4      | Became a worshipper of Warmaster Okawaru
  2810 | D:4      | Gained mutation: You have sharp toenails. [demonic
                  | ancestry]
  2810 | D:4      | Reached XP level 5. HP: 39/39 MP: 1/4
  2841 | D:4      | HP: 1/39 [orc priest/divine providence (13)]
  2997 | D:4      | Killed from afar by an orc priest

Illustrated notes

Levels and vault maps discovered:
D:1:      minmay_arrival_plants_in_alcoves, layout_basic
D:2:      layout_basic, overflow_temple_1_default,
          nicolae_dithmenos_shadow_blocks
D:3:      layout_rooms, first_ration
D:4:      layout_loops_ring, lemuel_doored_altar, minmay_starry_boxes,
          uniq_grinder, uniq_blork_the_orc

Skill      XL: |  1  2  3  4  5 |
---------------+----------------+-----
Short Blades   | 3 4 |  4.4
Dodging        | 3 |  3.8
Armour         | 1 2 |  2.0
Fighting       | |  2.6
Throwing       | |  1.8
Stealth        | |  0.4

Action                   |  1- 3 |  4- 6 || total
-------------------------+-------+-------++-------
Melee: Rapier            |    82 |     7 ||    89
       Dagger            |       |   208 ||   208
       Kick              |       |    13 ||    13
  Use: Potion            |     6 |     5 ||    11
       Scroll            |     5 |       ||     5
 Stab: Invisible         |       |     1 ||     1
  Eat: Chunk             |     1 |     2 ||     3
       Ration            |       |     1 ||     1
Armor: Leather armour    |    10 |       ||    10
       Scale mail        |    14 |    51 ||    65
Dodge: Dodged            |    54 |   135 ||   189
